 Dungeon Crawl Stone Soup version 0.24-a0-123-ga2403f3 (webtiles) character file.

Game seed: 0

63002 XanderDroid the Severer (level 14, 0/131 (132) HPs)
             Began as a Minotaur Berserker on Feb 22, 2019.
             Was the Champion of Trog.
             Slain by an ettin
             ... wielding the cursed +7 giant club of the Queen {vamp, MR+ Int+2 Dex-2}
              (11 damage)
             ... on level 12 of the Dungeon.
             The game lasted 00:53:36 (19832 turns).

XanderDroid the Severer (Minotaur Berserker)       Turns: 19832, Time: 00:53:36

HP:   0/131 (132)   AC: 27    Str: 24    XL:     14   Next: 66%
MP:   13/13         EV: 14    Int:  4    God:    Trog [******]
Gold: 800           SH:  0    Dex: 13    Spells: 13/13 levels left

rFire    + + .     SeeInvis +   a - +13 battleaxe of Impermanence {chop, rF++ rN+ MR-}
rCold    . . .     Gourm    .   (shield currently unavailable)
rNeg     + . .     Faith    .   j - +0 plate armour
rPois    +         Spirit   .   (helmet restricted)
rElec    .         Reflect  .   B - +2 cloak
rCorr    .         Harm     .   f - +2 pair of gloves
MR       .....                  m - +2 pair of boots
Stlth    ..........             (no amulet)
HPRegen  0.31/turn              r - ring of see invisible
MPRegen  0.13/turn              y - ring of poison resistance

@: berserk cooldown, slowed, very slow
A: retaliatory headbutt, horns 2
a: Berserk, Trog's Hand, Brothers in Arms, Renounce Religion


You were on level 12 of the Dungeon.
You worshipped Trog.
Trog was exalted by your worship.
You were very hungry.

You visited 3 branches of the dungeon, and saw 19 of its levels.

You collected 1016 gold pieces.
You spent 216 gold pieces at shops.

Inventory:

Hand Weapons
 a - the +13 battleaxe of Impermanence (weapon) {chop, rF++ rN+ MR-}
   (Trog gifted it to you on level 11 of the Dungeon)

   It inflicts extra damage upon your enemies.
   It greatly protects you from fire.
   It protects you from negative energy.
   It affects your resistance to hostile enchantments.
 b - a +2 demon whip of venom
 d - a +4 battleaxe of electrocution
Armour
 f - a +2 pair of gloves (worn)
 j - a +0 plate armour (worn)
 m - a +2 pair of boots (worn)
 q - a scarf of resistance
 B - a +2 cloak (worn)
Jewellery
 r - a ring of see invisible (left hand)
 x - an uncursed ring of resist corrosion
 y - a ring of poison resistance (right hand)
Wands
 k - a wand of iceblast (25)
 v - a wand of digging (2)
 D - a wand of flame (18)
Scrolls
 e - 5 scrolls of blinking
 h - 3 scrolls of enchant weapon
 i - 3 scrolls of immolation
 o - 6 scrolls of remove curse
 p - 5 scrolls of teleportation
 t - 4 scrolls of identify
 w - a scroll of noise {unknown}
 A - a scroll of brand weapon {unknown}
 E - a scroll of acquirement {unknown}
 G - a scroll of torment {unknown}
 H - a scroll of enchant armour
 I - 2 scrolls of fear {unknown}
Potions
 g - a potion of cancellation
 l - 2 potions of ambrosia
 n - a potion of resistance
 s - 7 potions of curing
 u - 2 potions of haste
 z - a potion of flight
 C - 4 potions of heal wounds
Comestibles
 c - 29 rations
 F - 22 chunks of flesh


   Skills:
 + Level 14.0 Fighting
 * Level 18.6 Axes
 + Level 13.8 Armour
 + Level 12.9 Dodging


You had 13 spell levels left.
You didn't know any spells.
Your spell library was empty.

Dungeon Overview and Level Annotations

Branches:
Dungeon (12/15)            Temple (1/1) D:7            Lair (6/6) D:9
 Shoals (0/4) Lair:2        Snake (0/4) Lair:3        Slime (0/5) Lair:5
    Orc (0/2) D:9

Altars:
Ashenzari
Cheibriados
Dithmenos
Elyvilon
Fedhas
Gozag
Hepliaklqana
Kikubaaqudgha
Makhleb
Nemelex Xobeh
Okawaru
Qazlal
Ru
Sif Muna
Trog
Uskayaw
Vehumet
Wu Jian
Xom
Yredelemnul
Zin
The Shining One
Beogh
Jiyva

Shops:
D:4 *

Annotations:
D:11 1 runed translucent door
D:12 1 transporter


Innate Abilities, Weirdness & Mutations

You reflexively headbutt those who attack you in melee.
You have a pair of horns on your head.


Message History

You are too injured to fight recklessly!
You are too injured to fight recklessly!
You are too injured to fight recklessly!
You are too injured to fight recklessly!
You are too injured to fight recklessly!
You slash the ettin!
The ettin is moderately wounded.
You slice trore's ghost!!
You destroy trore's ghost!
Trog accepts your kill.
Your Fighting skill increases to level 14!
You slice the troll!!
You kill the troll!
Trog accepts your kill.
The troll leather armour is intact enough to wear.
The ettin hits you with the cursed +7 giant club of the Queen {vamp, MR+ Int+2 Dex-2}!!!
* * * LOW HITPOINT WARNING * * *
The ettin draws strength from your wounds!
The ettin hits you with the +10 dire flail of Contention {freeze, rElec rF- rC+ rN+}!
You die...

#.##....#...#####.....#.##.###
#.####....###W©.###.....##.##.
#.####...##......###..####.##.
#........##....### #..........
######..######.#≈ ###.)....#..
##.#$.#§[.|###.#..#...#..
#.#..##._)....#..#.#..).
#.#...[.C.##..#..#..)...
#.##...@#≈#..##.....)...
#..#.....##..#..###.....
##.##...)..###.####.#.##
#..###.©(###..##...####
##..†#####.[........# #
###...©...##.##.##.# #
###...####.##.##.# #
##.#####.##.##.# #
#.......##.##.# #


You could see an ettin.

Vanquished Creatures
  The ghost of trore the Grappler, a journeyman TrHu of Okawaru (D:12)
  5 dire elephants (Lair:6)
  Josephine (Lair:5)
  Fannar (D:11)
  4 hydras
  5 two-headed ogres
  A centaur warrior (D:11)
  An anaconda (Lair:6)
  Urug (Lair:1)
  A fire crab (Lair:5)
  An unseen horror (D:11)
  Pikel (D:6)
  An oklob plant (Lair:3)
  2 orc knights (D:12)
  A manticore (D:12)
  A cyclops (D:11)
  A centaur zombie (D:12)
  A moth of wrath (D:12)
  10 elephants
  3 black mambas
  A merfolk siren (Lair:2)
  15 spiny frogs
  9 komodo dragons
  3 rime drakes
  A kobold demonologist (D:10)
  5 trolls
  A hornet (D:11)
  4 polar bears
  12 dream sheep
  18 blink frogs
  Grinder (D:5)
  A meliai zombie (D:11)
  2 spriggans (Lair:5)
  3 wraiths (Lair:5)
  11 hippogriffs
  41 yaks
  2 wyverns
  5 basilisks
  A steam dragon (D:9)
  12 porcupines
  2 acid dragons
  18 water moccasins
  Duvessa (D:4)
  2 black bears
  2 sky beasts
  16 orc warriors
  3 phantoms
  A slave (D:6)
  An ice beast (D:12)
  A necrophage (D:6)
  4 centaurs
  9 ogres
  17 wolves
  11 big kobolds
  11 crocodiles
  17 bullfrogs
  Dowan (D:4)
  5 scorpions
  9 killer bees
  3 wights (D:7)
  6 electric eels
  2 howler monkeys (D:12)
  7 crimson imps
  A bullfrog zombie (D:12)
  A lava snake (Lair:6)
  A quasit (D:8)
  5 jellies
  10 orc priests
  2 centaur skeletons
  5 hounds
  2 bullfrog skeletons
  5 iguanas
  13 orc wizards
  7 worker ants
  A killer bee zombie (D:8)
  2 hound zombies
  2 worker ant zombies
  21 adders
  8 gnolls
  6 oozes
  3 adder skeletons
  An adder zombie (D:8)
  2 worms (D:2)
  2 dart slugs (D:1)
  7 leopard geckos
  54 orcs
  5 ball pythons
  4 giant cockroaches
  4 goblins
  7 hobgoblins
  10 jackals
  4 quokkas
  4 bats
  2 frilled lizards
  A giant cockroach zombie (D:5)
  A jackal skeleton (D:6)
  22 kobolds
  A quokka skeleton (D:5)
  7 rats
  2 bushes (Lair:3)
  7 fungi
  9 plants
591 creatures vanquished.

Vanquished Creatures (others)
  A crimson imp (D:6)
  5 fungi
  2 plants
8 creatures vanquished.

Grand Total: 599 creatures vanquished

Notes
Turn   | Place    | Note
-------+----------+-------------------------------------------
     0 | D:1      | XanderDroid the Minotaur Berserker began the quest for the
                  | Orb.
     0 | D:1      | Reached XP level 1. HP: 19/19 MP: 0/0
    63 | D:1      | Reached XP level 2. HP: 24/27 MP: 1/1
    83 | D:1      | Reached skill level 4 in Axes
   216 | D:1      | Found an iron altar of Okawaru.
   532 | D:2      | Reached XP level 3. HP: 31/33 MP: 2/2
   625 | D:2      | Reached ** piety under Trog
   699 | D:2      | Reached XP level 4. HP: 38/40 MP: 3/3
  1312 | D:3      | Reached skill level 5 in Axes
  1401 | D:3      | Reached XP level 5. HP: 47/47 MP: 4/4
  1775 | D:4      | Found a basalt altar of Yredelemnul.
  1775 | D:4      | Found an iron altar of Okawaru.
  1775 | D:4      | Found a blossoming altar of Fedhas.
  1842 | D:4      | Found a snail-covered altar of Cheibriados.
  1842 | D:4      | Found a white marble altar of Elyvilon.
  1893 | D:4      | Found Wetiun's Assorted Antiques.
  1902 | D:4      | Bought a scroll labeled WYEVVOA GOASKE for 25 gold pieces
  1902 | D:4      | Bought a scroll labeled OFAIMO ZUOQO for 25 gold pieces
  1984 | D:4      | Found an opulent altar of Gozag.
  2255 | D:4      | Noticed an ogre
  2259 | D:4      | Killed an ogre
  2259 | D:4      | Reached *** piety under Trog
  2259 | D:4      | Reached skill level 6 in Axes
  2259 | D:4      | Reached XP level 6. HP: 28/55 MP: 5/5
  2445 | D:4      | Noticed Duvessa
  2446 | D:4      | Noticed Dowan
  2449 | D:4      | Killed Duvessa
  2449 | D:4      | Reached skill level 5 in Fighting
  2453 | D:4      | Killed Dowan
  2569 | D:4      | Reached XP level 7. HP: 61/61 MP: 6/6
  2617 | D:4      | Bought a scroll of identify for 50 gold pieces
  2662 | D:5      | Entered Level 5 of the Dungeon
  2700 | D:5      | Noticed Grinder
  2714 | D:5      | Paralysed by Grinder for 7 turns
  2817 | D:5      | Paralysed by Grinder for 5 turns
  2831 | D:5      | Paralysed by Grinder for 4 turns
  2836 | D:5      | Killed Grinder
  2836 | D:5      | Reached skill level 7 in Axes
  2836 | D:5      | Reached skill level 5 in Armour
  3184 | D:5      | Found an ancient bone altar of Kikubaaqudgha.
  3196 | D:5      | Found a deep blue altar of Sif Muna.
  3197 | D:5      | Found a radiant altar of Vehumet.
  3203 | D:5      | Identified Kikubaaqudgha's Incunabulum of Evil Secrets
  3586 | D:6      | Found a stormy altar of Qazlal.
  3590 | D:6      | Reached skill level 5 in Dodging
  3590 | D:6      | Reached XP level 8. HP: 65/69 MP: 7/7
  3595 | D:6      | Reached skill level 8 in Axes
  3660 | D:6      | Found an ornate altar of the Wu Jian Council.
  3660 | D:6      | Found a sparkling altar of Nemelex Xobeh.
  3822 | D:6      | Noticed Pikel
  3845 | D:6      | Killed Pikel
  3845 | D:6      | Reached skill level 9 in Axes
  4578 | D:7      | Found a staircase to the Ecumenical Temple.
  4612 | D:7      | Reached XP level 9. HP: 78/78 MP: 8/8
  4827 | D:7      | Reached skill level 10 in Axes
  5031 | D:4      | Bought a scroll of identify for 50 gold pieces
  5031 | D:4      | Bought a bubbling white potion for 22 gold pieces
  5183 | Temple   | Entered the Ecumenical Temple
  5800 | D:8      | Noticed a two-headed ogre
  5809 | D:8      | Killed a two-headed ogre
  5809 | D:8      | Reached skill level 11 in Axes
  5813 | D:8      | Reached **** piety under Trog
  6098 | D:8      | Reached XP level 10. HP: 73/89 MP: 9/9
  6353 | D:9      | Reached skill level 12 in Axes
  6357 | D:9      | Found a staircase to the Lair.
  6965 | D:9      | Reached ***** piety under Trog
  8498 | D:9      | Found a staircase to the Orcish Mines.
  8506 | D:9      | Reached XP level 11. HP: 7/98 MP: 10/10
  8917 | D:9      | Noticed a two-headed ogre
  8924 | D:9      | Killed a two-headed ogre
  8924 | D:9      | Reached skill level 13 in Axes
  9206 | D:10     | Entered Level 10 of the Dungeon
  9232 | D:10     | Reached skill level 10 in Fighting
  9808 | D:10     | Found a blossoming altar of Fedhas.
 10245 | D:11     | Reached skill level 10 in Armour
 10366 | D:11     | Received a gift from Trog
 10369 | D:11     | Got a bloodstained battleaxe {god gift}
 10376 | D:11     | Identified the +13 battleaxe of Impermanence {chop, rF++
                  | rN+ MR-} (Trog gifted it to you on level 11 of the Dungeon)
 10390 | D:11     | Found a runed translucent door.
 10390 | D:11     | Noticed a deep troll
 10390 | D:11     | Noticed a deep troll earth mage
 10390 | D:11     | Noticed a sphinx
 10392 | D:11     | Noticed a flayed ghost
 10392 | D:11     | Noticed a deep troll earth mage
 10392 | D:11     | Noticed a fire giant
 10392 | D:11     | Noticed a storm dragon
 10392 | D:11     | Noticed a fire giant
 10451 | D:11     | Noticed a centaur warrior
 10457 | D:11     | Killed a centaur warrior
 10457 | D:11     | Noticed an unseen horror
 10511 | D:11     | Killed an unseen horror
 10511 | D:11     | Reached skill level 14 in Axes
 10623 | D:11     | Noticed Fannar
 10631 | D:11     | Killed Fannar
 10687 | D:11     | Noticed a two-headed ogre
 10692 | D:11     | Killed a two-headed ogre
 10953 | D:11     | Noticed a two-headed ogre
 10971 | D:11     | Killed a two-headed ogre
 10971 | D:11     | Reached skill level 10 in Dodging
 10971 | D:11     | Reached XP level 12. HP: 82/109 MP: 11/11
 11399 | D:4      | Bought a black potion for 22 gold pieces
 11399 | D:4      | Bought a glowing coppery potion for 22 gold pieces
 11553 | Lair:1   | Entered Level 1 of the Lair of Beasts
 11641 | Lair:1   | Noticed Urug
 11766 | Lair:1   | Killed Urug
 11766 | Lair:1   | Reached skill level 15 in Axes
 12528 | Lair:2   | Received a gift from Trog
 12633 | Lair:2   | Found a staircase to the Shoals.
 12770 | Lair:2   | Noticed a five-headed hydra
 12781 | Lair:2   | Killed a five-headed hydra
 13198 | Lair:2   | Reached skill level 16 in Axes
 13529 | Lair:3   | Found a staircase to the Snake Pit.
 13565 | Lair:3   | Reached XP level 13. HP: 83/117 MP: 12/12
 13743 | Lair:3   | Received a gift from Trog
 15280 | Lair:5   | Reached skill level 17 in Axes
 15706 | Lair:5   | Found a viscous altar of Jiyva.
 15706 | Lair:5   | Found a staircase to the Slime Pits.
 15826 | Lair:5   | Noticed Josephine
 15834 | Lair:5   | Killed Josephine
 16168 | Lair:5   | Reached ****** piety under Trog
 16168 | Lair:5   | Received a gift from Trog
 16340 | Lair:6   | Entered Level 6 of the Lair of Beasts
 16370 | Lair:6   | Reached XP level 14. HP: 101/128 MP: 13/13
 17631 | Lair:6   | Reached skill level 18 in Axes
 18896 | D:12     | Noticed trore's ghost (journeyman TrHu)
 18900 | D:12     | Identified the cursed +7 giant club of the Queen {vamp, MR+
                  | Int+2 Dex-2}
 18900 | D:12     | Identified the +10 dire flail of Contention {freeze, rElec
                  | rF- rC+ rN+}
 18909 | D:12     | Identified the +6 morningstar "Mawuimma" {flame, Str+2
                  | Int+3}
 18940 | D:12     | Found a transporter.
 18960 | D:12     | Found a transporter.
 19220 | D:12     | Found a bloodstained altar of Trog.
 19504 | D:12     | Received a gift from Trog
 19653 | D:12     | Found a roughly hewn altar of Beogh.
 19832 | D:12     | Killed trore's ghost
 19832 | D:12     | Slain by an ettin

Levels and vault maps discovered:
D:1:      wander_arrival_fairy_ring, layout_loops_ring,
          hangedman_decor_peaks_small, okawaru_ov_weapons_minmay
D:2:      layout_loops_ring
D:3:      layout_basic, first_ration
D:4:      layout_gridville, grunt_temple_overflow_open, grunt_gozag_statues,
          serial_shops, nicolae_shop_temple_entry_statues_fountains,
          uniq_duvessa
D:5:      layout_loops_cross, grunt_temple_overflow_magic_moments,
          serial_rivers, chequers_serial_rivers_micro_b,
          chequers_serial_rivers_micro_a, chequers_serial_rivers_large_a,
          chequers_serial_rivers_small_b, ebering_dispersal_statue_hall,
          minmay_misc_feat_five, nrook_mini_backslash, uniq_grinder
D:6:      cheibrodos_helix_gallery, layout_rooms, grunt_qazlal_clouds,
          gammafunk_temple_overflow_wave, uniq_pikel
D:7:      layout_rooms, temple_statues
D:8:      layout_basic, hangedman_little_slice_of_home
D:9:      layout_layer_cave, minmay_lair_entry_grove, erik_orc_2
D:10:     layout_long_grid, special_room [special_room_kobold], fedhas_altar_3
D:11:     minmay_gate_of_8, layout_loops_ring, minmay_bent, uniq_fannar
D:12:     layout_loops_cross, special_room [special_room_orc],
          gammafunk_ghost_wrathful_warriors
Temple:   eino_temple_lava
Lair:1:   layout_misc_corridors, serial_bayou_pond_e, lemuel_fruit_fields,
          uniq_urug
Lair:2:   layout_gridlike, minmay_shoals_entry_lonely_mermaid, serial_rivers,
          chequers_serial_rivers_small_3, chequers_serial_rivers_small_b,
          chequers_serial_rivers_small_3, chequers_serial_rivers_small_a,
          chequers_serial_rivers_micro_a
Lair:3:   layout_long_grid, minmay_snake_entry_six_corridors,
          minmay_lair_oklob_bushes, st_stairs_10, infiniplex_staircase_pool_2,
          lemuel_fruit_tree
Lair:4:   layout_loops_ring
Lair:5:   layout_cave_pods, dpeg_slime_entry_enclosed_altar, forest_entry_grove,
          uniq_josephine
Lair:6:   due_jungle_book, layout_gridlike, chequers_serial_rivers_large_b

Skill      XL: |  1  2  3  4  5  6  7  8  9 10 11 12 13 14 |
---------------+-------------------------------------------+-----
Axes           | 4 5 6 7 9 11 12 14 16 17 18 | 18.6
Fighting       | 4 5 6 7 8 9 11 12 13 14 | 14.0
Armour         | 3 4 5 6 8 9 10 12 13 | 13.8
Dodging        | 3 4 5 6 7 8 10 11 12 | 12.9

Action                   |  1- 3 |  4- 6 |  7- 9 | 10-12 | 13-15 || total
-------------------------+-------+-------+-------+-------+-------++-------
Melee: Hand axe          |    71 |    68 |       |       |       ||   139
       Headbutt          |     6 |    26 |    60 |   117 |    86 ||   295
       War axe           |       |    29 |   253 |   310 |       ||   592
       Battleaxe         |       |       |       |   244 |   418 ||   662
       Whip              |       |       |       |     6 |    11 ||    17
       Demon whip        |       |       |       |       |    12 ||    12
Invok: Berserk           |       |     2 |     4 |     5 |     4 ||    15
  Use: Scroll            |       |     6 |     4 |    11 |     7 ||    28
  Eat: Chunk             |       |     7 |    16 |    28 |    23 ||    74
Armor: Animal skin       |     3 |       |       |       |       ||     3
       Leather armour    |     9 |       |       |       |       ||     9
       Plate armour      |    11 |    50 |   133 |   340 |   254 ||   788
Dodge: Dodged            |    48 |    29 |   126 |   310 |   253 ||   766

Table legend:
 A = Non-vault XP
 B = Vault XP
 C = Vault XP percentage of total XP
 D = Non-vault monster count
 E = Vault monster count
 F = Vault count percentage of total count
                 A         B        C        D         E       F
            +---------+---------+-------+---------+---------+-------
      Total |   67793 |   22211 |  24.7 |     442 |     131 |  22.9
            +---------+---------+-------+---------+---------+-------
        D:1 |      40 |       0 |   0.0 |      22 |       0 |   0.0
        D:2 |      83 |       0 |   0.0 |      17 |       0 |   0.0
        D:3 |     116 |       0 |   0.0 |      20 |       0 |   0.0
        D:4 |     296 |     228 |  43.5 |      10 |       2 |  16.7
        D:5 |     188 |     267 |  58.7 |       5 |       1 |  16.7
        D:6 |     757 |     738 |  49.4 |      21 |       2 |   8.7
        D:7 |     636 |       0 |   0.0 |      14 |       0 |   0.0
        D:8 |    2171 |    1029 |  32.2 |      27 |      13 |  32.5
        D:9 |    4316 |    1590 |  26.9 |      35 |      26 |  42.6
       D:10 |     796 |    1066 |  57.3 |      19 |      12 |  38.7
       D:11 |    6379 |    2228 |  25.9 |      37 |       9 |  19.6
       D:12 |    5189 |    5749 |  52.6 |      51 |      30 |  37.0
     Lair:1 |    6284 |     867 |  12.1 |      27 |       1 |   3.6
     Lair:2 |    4973 |     435 |   8.0 |      20 |       1 |   4.8
     Lair:3 |    5983 |    2316 |  27.9 |      26 |      18 |  40.9
     Lair:4 |    7340 |       0 |   0.0 |      23 |       0 |   0.0
     Lair:5 |    8997 |    2914 |  24.5 |      38 |      11 |  22.4
     Lair:6 |   13249 |    2784 |  17.4 |      30 |       5 |  14.3
            +---------+---------+-------+---------+---------+-------
